 Dungeon Crawl Stone Soup version 0.27.1-34-g3ba077fa99 (webtiles) character file.

Game seed: 14206219574301535699

345 cbfl8 the Sneak (level 6, -2/53 HPs)
             Began as a Minotaur Delver on Jan 20, 2022.
             Slain by a kobold (5 damage)
             ... on level 4 of the Dungeon.
             The game lasted 00:06:43 (4033 turns).

cbfl8 the Sneak (Minotaur Delver)                   Turns: 4033, Time: 00:06:44

Health: -2/53      AC:  0    Str: 17    XL:     6   Next: 32%
Magic:  5/5        EV: 20    Int:  9    God:
Gold:   178        SH:  0    Dex: 16    Spells: 5/5 levels left

rFire    . . .     SeeInvis .   (weapon currently unavailable)
rCold    . . .     Faith    .   (shield currently unavailable)
rNeg     . . .     Spirit   .   (armour currently unavailable)
rPois    .         Reflect  .   (helmet currently unavailable)
rElec    .         Harm     .   (cloak currently unavailable)
rCorr    .         Rampage  .   (gloves currently unavailable)
Will     .....                  (boots currently unavailable)
Stlth    +++.......             (no amulet)
HPRegen  0.17/turn              (ring currently unavailable)
MPRegen  0.09/turn              (ring currently unavailable)

@: bat-form, flying, very quick
A: fast, flying, no casting, tiny, (horns 2), (retaliatory headbutt)
a: no special abilities


You were on level 4 of the Dungeon.
You were a bat.
You visited 1 branch of the dungeon, and saw 5 of its levels.

You collected 178 gold pieces.

Inventory:

Hand Weapons
 a - a +0 hand axe
 d - a +0 long sword
 j - a +0 dagger of venom (melded)
 r - a +0 dagger of venom
Missiles
 u - 20 arrows
Armour
 b - a +0 leather armour
 c - a +0 chain mail (melded)
 p - a +0 ring mail
 q - a +2 pair of gloves of dexterity (melded)
Jewellery
 m - a ring of positive energy (melded)
 s - a ring of fire (melded)
 t - a ring of wizardry
Wands
 g - a wand of digging (3)
Scrolls
 e - a scroll of fear
 h - a scroll of noise {unknown}
 k - 3 scrolls of identify {unknown}
 l - a scroll of torment {unknown}
Potions
 f - 3 potions of haste
 i - a potion of degeneration {unknown}
 n - a potion of attraction {unknown}
 o - a potion of brilliance {unknown}


   Skills:
 + Level 4.6 Fighting
 + Level 2.7 Short Blades
 + Level 2.8 Axes
 + Level 3.1 Armour
 + Level 3.5 Dodging
 + Level 5.1 Stealth


You had 5 spell levels left.
You didn't know any spells.
Your spell library contained the following spells:

 Spells                   Type           Power      Damage    Failure   Level
 Animate Skeleton         Necr           0%         N/A       38%         1
 Pain                     Necr           0%         1d4       38%         1
 Vampiric Draining        Necr           0%         2d6       77%         3


Dungeon Overview and Level Annotations

Branches:
Dungeon (5/15)             Temple (0/1) D:4

Altars:

Annotations:
D:4 Sigmund


Innate Abilities, Weirdness & Mutations

You are a bat.
You are tiny and dextrous.
You move quickly.
You are flying.
Your equipment is almost entirely melded.
You are incapable of wielding weapons or throwing items.
You cannot cast spells.
((You have a pair of horns on your head.))
((You reflexively headbutt those who attack you in melee.))


Message History

Unknown command.
You hit something. Your headbutt misses something.
You feel sick. The adder bites you but does no damage.
You hear a zap.
Something tries to affect you, but you resist.
The endoplasm hits you but does no damage.
Unknown command.
You hit something.
You feel sick. The adder bites you but does no damage.
You hear a zap.
You turn into a bat.
Your +0 dagger of venom melds into your body.
Your +2 pair of gloves of dexterity melds into your body.
Your +0 chain mail melds into your body.
Your ring of positive energy melds into your body.
Your ring of fire melds into your body.
Your +0 dagger of venom stops dripping with poison.
You feel clumsy. The endoplasm closely misses you. The adder misses you.
You hit something.
You feel sick. Something hits you! The endoplasm freezes you.
You are frozen.
The adder completely misses you.
Unknown command.
You hit something. The adder barely misses you. The endoplasm misses you.
Unknown command.
You hit something.
You feel sick. Something barely misses you. The adder bites you.
The kobold hits you with a +0 short sword.
The endoplasm freezes you.
You are frozen.
* * * LOW HITPOINT WARNING * * *
Unknown command.
You barely miss something.
You feel sick. The adder misses you. The kobold misses you.
The endoplasm closely misses you. Something hits you!
* * * LOW HITPOINT WARNING * * *
Unknown command.
You barely miss something.
You feel sick.
You are no longer poisoned.
The adder closely misses you.
The kobold hits you with a +0 short sword.
You die...

.,,* *,*****,,,,,,,*
#*** *,,,,,......,,* #
***,**,.....,,*
#***###*,,***..#.#***
##.....**+****...#####
...#****,,,***#......#
#### *,,,,,* *......#
*,,>,,* *#JK...#
*,,,,,* ##b{...#
******,,,####.$S...#
***,,,,****#.........#
*,,,**** #####.#####
..*** #.# #** #.# #
#.# #.# ## #.#


You could see an adder, an endoplasm and a kobold.

Vanquished Creatures
  An ogre (D:4)
  A wyvern skeleton (D:3)
  2 iguanas
  5 adders
  A gnoll (D:1)
  A river rat (D:4)
  An adder skeleton (D:4)
  3 worms
  2 dart slugs
  6 bats
  9 endoplasms
  8 giant cockroaches
  3 goblins
  11 hobgoblins
  2 jackals (D:2)
  7 quokkas
  2 ball pythons (D:3)
  A frilled lizard (D:1)
  8 kobolds
  3 rats
77 creatures vanquished.

Notes
Turn   | Place    | Note
-------+----------+-------------------------------------------
     0 | D:5      | cbfl8 the Minotaur Delver began the quest for the Orb.
     0 | D:5      | Reached XP level 1. HP: 19/19 MP: 0/0
    37 | D:4      | Reached XP level 2. HP: 21/27 MP: 1/1
   576 | D:1      | Reached XP level 3. HP: 33/33 MP: 2/2
  1155 | D:1      | Found a faded altar of an unknown god.
  1556 | D:2      | Reached XP level 4. HP: 40/40 MP: 3/3
  2335 | D:3      | Reached skill level 1 in Short Blades
  2335 | D:3      | Reached skill level 1 in Armour
  2335 | D:3      | Reached skill level 5 in Stealth
  2335 | D:3      | Reached XP level 5. HP: 28/47 MP: 4/4
  3550 | D:4      | Noticed an ogre
  3562 | D:4      | Killed an ogre
  3563 | D:4      | Reached XP level 6. HP: 40/53 MP: 5/5
  4014 | D:4      | Noticed Sigmund
  4033 | D:4      | Slain by a kobold

Illustrated notes

Levels and vault maps discovered:
D:1:      dpeg_arrival_radiant, layout_basic, dreamdust_ecumenical_altar_statues
D:2:      layout_basic
D:3:      layout_rooms, minmay_pentomino_pile
D:4:      layout_rooms, minmay_temple_entry_enclosed_plants,
          gup_sewer_entry_spiral, uniq_sigmund
D:5:      layout_rooms, uniq_ijyb, uniq_eustachio, uniq_blork_the_orc

Skill      XL: |  1  2  3  4  5 |
---------------+----------------+-----
Fighting       | 4 |  4.6
Short Blades   | 1 2 |  2.7
Armour         | 1 3 |  3.1
Dodging        | 3 |  3.5
Stealth        | 5 |  5.1
Axes           | |  2.8

Action                   |  1- 3 |  4- 6 || total
-------------------------+-------+-------++-------
Melee: Hand axe          |    18 |       ||    18
       Dagger            |    45 |   126 ||   171
       Headbutt          |     9 |    27 ||    36
       Unarmed           |       |     5 ||     5
  Use: Scroll            |     1 |     2 ||     3
       Potion            |       |     1 ||     1
 Stab: Sleeping          |     2 |     4 ||     6
Armor: Leather armour    |    15 |       ||    15
       Ring mail         |       |    41 ||    41
       Chain mail        |       |     9 ||     9
Dodge: Dodged            |    59 |    81 ||   140
